 Dungeon Crawl Stone Soup version 0.22.1-1-ga44c0e56f4 (webtiles) character file.

161 Narretz the Insei (level 4, -2/52 HPs)
             Began as a Demigod Transmuter on Nov 2, 2018.
             Shot with an arrow by a centaur (9 damage)
             ... on level 4 of the Dungeon.
             The game lasted 00:19:37 (3328 turns).

Narretz the Insei (Demigod Transmuter)              Turns: 3328, Time: 00:19:38

Health: -2/52      AC:  3    Str: 18    XL:     4   Next: 98%
Magic:  7/11       EV: 13    Int: 22    God:
Gold:   170        SH:  0    Dex: 18    Spells: 3/9 levels left

rFire    . . .     SeeInvis .     - Unarmed
rCold    . . .     Gourm    .   (no shield)
rNeg     . . .     Faith    .   b - +0 robe
rPois    .         Spirit   .   (no helmet)
rElec    .         Reflect  .   (no cloak)
rCorr    .         Harm     .   e - +0 pair of gloves
MR       .....                  (no boots)
Stlth    ..........             (no amulet)
HPRegen  0.17/turn              y - +2 ring of slaying
MPRegen  0.12/turn              (no ring)

@: brilliant, berserking, very quick
A: high mp 1
a: no special abilities


You were on level 4 of the Dungeon.
You were not hungry.

You visited 1 branch of the dungeon, and saw 4 of its levels.

You collected 170 gold pieces.

Inventory:

Hand Weapons
 w - a +0 blowgun
Missiles
 a - 81 arrows
 c - 7 tomahawks (quivered)
 f - 27 poisoned needles
 j - 149 stones
 v - 6 tomahawks of returning
Armour
 b - a +0 robe (worn)
 e - a +0 pair of gloves (worn)
Jewellery
 y - a +2 ring of slaying (left hand)
Scrolls
 l - a scroll of teleportation
 n - a scroll of magic mapping {unknown}
 p - a scroll of amnesia {unknown}
 q - a scroll of noise {unknown}
 r - a scroll of enchant armour {unknown}
 s - a scroll of identify
 u - a scroll of random uselessness {unknown}
 z - a scroll of remove curse
Potions
 g - a potion of brilliance
 h - a potion of invisibility {unknown}
 i - a potion of berserk rage
 k - 2 potions of heal wounds {unknown}
 m - a potion of resistance {unknown}
 o - 2 potions of mutation {unknown}
 t - 2 potions of flight {unknown}
 A - a potion of ambrosia {unknown}
Comestibles
 d - 11 rations


   Skills:
 + Level 1.1 Fighting
 - Level 0.1 Throwing
 + Level 2.3 Dodging
 + Level 0.3 Stealth
 + Level 3.5 Unarmed Combat
 + Level 3.1 Spellcasting
 + Level 2.6 Transmutations


You had 3 spell levels left.
You knew the following spells:

 Your Spells              Type           Power        Failure   Level  Hunger
a - Beastly Appendage     Tmut           ####..       1%          1    None
b - Sticks to Snakes      Tmut           ####....     1%          2    ##.....
c - Spider Form           Tmut/Pois      ###.......   2%          3    ###....

Your spell library contained the following spells:

 Spells                   Type           Power        Failure   Level  Hunger
 Ice Form                 Ice/Tmut       ###.....     9%          4    ####...
 Blade Hands              Tmut           ####......   13%         5    ######.


Dungeon Overview and Level Annotations

Branches:
Dungeon (4/15)
 Temple: D:4-7

Annotations:
D:2 exclusion: downstairs


Innate Abilities, Weirdness & Mutations

You have an increased reservoir of magic. (+10% MP)


Message History

Casting: Sticks to Snakes (safe; 1% risk of failure)
Confirm with . or Enter, or press ? or * to list all spells.
Okay, then.
Casting: Sticks to Snakes (safe; 1% risk of failure)
Confirm with . or Enter, or press ? or * to list all spells.
You create a snake!
You now have 81 arrows.
The centaur hits you!
* * * LOW HITPOINT WARNING * * *
The centaur hits you.
* * * LOW HITPOINT WARNING * * *
You swap places.
Your ball python bites the centaur but does no damage.
The centaur wields an uncursed shortbow.
The centaur shoots an arrow.
The arrow hits your ball python!
Your ball python dies!
You see here 2 arrows.
It was a potion of berserk rage.
A red film seems to cover your vision as you go berserk!
You feel yourself moving faster!
You feel mighty!
The centaur shoots an arrow.
The arrow hits you!
You die...

### #..##
##Sc# .#
#..(# ..#
###@## ..#
##(## ...##
##.##
#....#
##.##.....#
#.....#
##....# .
####....# .
#......##.#
#......##.#


You could see a centaur and a friendly ball python.

Vanquished Creatures
  An orc wizard (D:3)
  2 adders (D:4)
  2 dart slugs
  A leopard gecko (D:2)
  6 orcs
  4 giant cockroaches
  10 goblins
  7 hobgoblins
  8 jackals
  2 quokkas (D:3)
  4 ball pythons
  12 bats
  4 frilled lizards
  14 kobolds
  5 rats
82 creatures vanquished.

Vanquished Creatures (collateral kills)
  An adder (D:3)
  2 worms
  A leopard gecko (D:2)
  2 orcs (D:3)
  A goblin (D:3)
  2 jackals (D:1)
  A bat (D:3)
  3 rats
13 creatures vanquished.

Grand Total: 95 creatures vanquished

Notes
Turn   | Place    | Note
-------+----------+-------------------------------------------
     0 | D:1      | Narretz the Demigod Transmuter began the quest for the Orb.
     0 | D:1      | Reached XP level 1. HP: 15/15 MP: 5/5
   256 | D:1      | Reached XP level 2. HP: 22/22 MP: 5/7
   260 | D:1      | Learned a level 2 spell: Sticks to Snakes
   741 | D:1      | Reached XP level 3. HP: 23/27 MP: 3/9
   939 | D:2      | Found a white marble altar of Elyvilon.
  1210 | D:2      | Found a bloodstained altar of Trog.
  1562 | D:2      | Learned a level 3 spell: Spider Form
  1931 | D:3      | Reached XP level 4. HP: 31/34 MP: 8/10
  2425 | D:3      | Reached skill level 1 in Fighting
  2443 | D:3      | Found a sacrificial altar of Ru.
  3321 | D:4      | Noticed a centaur
  3328 | D:4      | Shot with an arrow by a centaur

Skill      XL: |  1  2  3  4 |
---------------+-------------+-----
Unarmed Combat | 3 |  3.5
Spellcasting   | 2 3 |  3.1
Dodging        | 2 |  2.3
Transmutations | 2 |  2.6
Fighting       | 1 |  1.1
Throwing       | |  0.1
Stealth        | |  0.3

Action                   |  1- 3 |  4- 6 || total
-------------------------+-------+-------++-------
Melee: Unarmed           |   157 |    53 ||   210
       Headbutt          |    17 |     2 ||    19
       Kick              |    17 |     7 ||    24
       Punch             |       |     3 ||     3
Throw: Stone             |     5 |       ||     5
       Tomahawk          |       |    15 ||    15
 Cast: Beastly Appendage |    41 |    12 ||    53
       Sticks to Snakes  |    18 |    10 ||    28
  Use: Scroll            |     2 |     1 ||     3
       Potion            |       |     2 ||     2
 Stab: Sleeping          |     3 |       ||     3
  Eat: Chunk             |     5 |     5 ||    10
Armor: Robe              |    55 |    16 ||    71
Dodge: Dodged            |   124 |    35 ||   159
